 Dungeon Crawl Stone Soup version 0.28.0-45-g0d030f2227 (webtiles) character file.

Game seed: 2951387933482404504

153387 doidaretoeatapeach the Frost Mage (level 17, 0/166 HPs)
             Began as an Ogre Ice Elementalist on Apr 24, 2022.
             Was a High Priest of Vehumet.
             Hit by a javelin thrown by a merfolk javelineer (17 damage)
             ... on level 2 of the Shoals on Apr 29, 2022.
             The game lasted 02:28:58 (35384 turns).

doidaretoeatapeach the Frost Mage (OgIE)           Turns: 35384, Time: 02:28:58

Health: 0/166      AC: 13    Str: 16    XL:     17   Next: 60%
Magic:  28/33      EV: 10    Int: 24    God:    Vehumet [*****.]
Gold:   1626       SH:  0    Dex:  7    Spells: 0/40 levels left

rFire   . . .      SeeInvis .   Q - +6 quarterstaff of the Candle {drain, Will+ rCorr Int+2 Dex-2}
rCold   . . .      Faith    .   (shield currently unavailable)
rNeg    . . .      Spirit   .   i - +3 troll leather armour
rPois   .          Reflect  .   (helmet restricted)
rElec   .          Harm     .   C - +0 cloak
rCorr   +          Rampage  .   (gloves unavailable)
Will    ++...                   (boots unavailable)
Stlth   +++.......              S - amulet of regeneration
HPRegen 1.97/turn               x - ring "Juycatut" {rCorr AC+4 Stlth+}
MPRegen 0.23/turn               W - ring of flight

@: swift, flying, quick
A: large, unfitting armour, tough skin 1
a: Renounce Religion


You were on level 2 of the Shoals.
You worshipped Vehumet.
Vehumet was extremely pleased with you.
You visited 4 branches of the dungeon, and saw 25 of its levels.

You collected 3251 gold pieces.
You spent 1625 gold pieces at shops.

Inventory:

Hand Weapons
 L - a +1 giant spiked club
 Q - the +6 quarterstaff of the Candle (weapon) {drain, Will+ rCorr Int+2 Dex-2}
   (You found it on level 1 of the Lair of Beasts)

   A truly terrible weapon, it drains the life of any living foe it strikes.
   Int:       It affects your intelligence (+2).
   Dex:       It affects your dexterity (-2).
   rCorr:     It protects you from acid and corrosion.
   Will:      It increases your willpower.
 X - the +4 quarterstaff of the Heavens {distort, rF- rC+++ rCorr Int-5}
   (You found it on level 5 of the Lair of Beasts)

   It warps and distorts space around it, and may blink, banish, or inflict
   extra damage upon those it strikes.
   Unwielding it can cause banishment or high damage.
   Int:       It affects your intelligence (-5).
   rF:        It makes you vulnerable to fire.
   rC:        It renders you almost immune to cold.
   rCorr:     It protects you from acid and corrosion.
Missiles
 m - 4 curare-tipped darts
 B - 8 throwing nets
 M - 5 atropa-tipped darts
 N - 88 large rocks (quivered)
Armour
 i - a +3 troll leather armour (worn)
 C - a +0 cloak (worn)
Jewellery
 o - a ring of poison resistance
 r - a ring of see invisible
 x - the ring "Juycatut" (left hand) {rCorr AC+4 Stlth+}
   (You bought it in a shop on level 1 of the Orcish Mines)

   [ring of protection]

   AC:        It affects your AC (+4).
   rCorr:     It protects you from acid and corrosion.
   Stlth:     It makes you more stealthy.
 S - an amulet of regeneration (around neck)
 W - a ring of flight (right hand)
 Z - a ring of protection from fire
Wands
 s - a wand of mindburst (9)
 v - a wand of iceblast (21)
 y - a wand of charming (19)
 F - a wand of paralysis (3)
 G - a wand of polymorph (6)
 H - a wand of digging (3)
 P - a wand of flame (24)
 V - a wand of acid (1)
Scrolls
 a - 3 scrolls of amnesia
 e - 7 scrolls of vulnerability
 k - 4 scrolls of teleportation
 l - a scroll of fog
 p - a scroll of silence
 w - 3 scrolls of holy word
 A - 2 scrolls of enchant weapon
 I - 2 scrolls of magic mapping
 J - 2 scrolls of immolation
 R - 3 scrolls of fear
Potions
 c - 6 potions of curing
 d - 4 potions of lignification
 g - a potion of resistance {unknown}
 h - 4 potions of berserk rage
 n - a potion of magic {unknown}
 q - 5 potions of flight
 t - 4 potions of attraction
 u - 3 potions of haste
 z - 2 potions of invisibility {unknown}
 E - a potion of brilliance {unknown}
 O - a potion of ambrosia {unknown}
 T - a potion of heal wounds
 U - a potion of mutation {unknown}
Miscellaneous
 b - a tin of tremorstones (2/2)
 j - a condenser vane
 D - a phial of floods
 K - a phantom mirror


   Skills:
 - Level 10.0 Fighting
 - Level 7.0 Throwing
 - Level 4.0 Armour
 - Level 4.0 Dodging
 - Level 3.0 Stealth
 - Level 12.0 Spellcasting
 - Level 8.0 Conjurations
 - Level 6.0 Hexes
 - Level 8.0 Necromancy
 - Level 6.0 Translocations
 - Level 5.0 Transmutations
 + Level 14.7 Ice Magic
 - Level 4.0 Air Magic
 - Level 9.0 Earth Magic
 - Level 7.0 Evocations


You couldn't memorise any spells.
You knew the following spells:

 Your Spells              Type           Power      Damage    Failure   Level
a - Freeze                Ice            100%       1d11      0%          1
b - Borgnjor's Vile Clut  Necr/Erth      26%        N/A       4%          5
d - Blink                 Tloc           86%        N/A       1%          2
e - Lesser Beckoning      Tloc           43%        N/A       1%          3
i - Irradiate             Conj/Tmut      22%        3d21      2%          5
o - Ozocubu's Armour      Ice            71%        N/A       1%          3
p - Frozen Ramparts       Ice            100%       1d12      1%          3
r - Ozocubu's Refrigerat  Ice            35%        4d12      3%          7
s - Swiftness             Air            33%        N/A       3%          3
t - Tukima's Dance        Hex            43%        N/A       1%          3
y - Yara's Violent Unrav  Hex/Tmut       20%        3d9       4%          5

Your spell library contained the following spells:

 Spells                   Type           Power      Damage    Failure   Level
 Conjure Ball Lightning   Conj/Air       21%        3x3d6     17%         6
 Magic Dart               Conj           100%       1d8       1%          1
 Shock                    Conj/Air       100%       1d9       1%          1
 Dazzling Flash           Conj/Hex       96%        N/A       1%          3
 Mephitic Cloud           Conj/Pois/Air  33%        N/A       1%          3
 Portal Projectile        Hex/Tloc       86%        N/A       1%          3
 Animate Dead             Necr           25%        N/A       1%          4
 Hailstorm                Conj/Ice       62%        3d13      1%          4
 Iskenderun's Mystic Bla  Conj/Tloc      48%        2d11      1%          4
 Freezing Cloud           Conj/Ice/Air   27%        6-21      1%          5
 Iskenderun's Battlesphe  Conj           51%        2d10      1%          5
 Metabolic Englaciation   Hex/Ice        29%        N/A       1%          5
 Scorch                   Fire           28%        2d6       2%          2
 Ignite Poison            Fire/Tmut/Pois 22%        N/A       2%          3
 Airstrike                Air            16%        N/A       2%          4
 Anguish                  Hex/Necr       24%        N/A       2%          4
 Leda's Liquefaction      Hex/Erth       25%        N/A       2%          4
 Lightning Bolt           Conj/Air       21%        1d36      3%          5
 Summon Small Mammal      Summ           56%        N/A       4%          1
 Summon Guardian Golem    Hex/Summ       28%        N/A       4%          3
 Iron Shot                Conj/Erth      26%        9d6       7%          6
 Simulacrum               Ice/Necr       31%        N/A       8%          6
 Manifold Assault         Tloc           43%        N/A       12%         5
 Call Canine Familiar     Summ           14%        N/A       16%         3
 Summon Lightning Spire   Summ/Air       24%        N/A       22%         4
 Death Channel            Necr           25%        N/A       28%         6
 Starburst                Conj/Fire      16%        6d6       36%         6
 Spellforged Servitor     Conj/Summ      16%        N/A       87%         7
 Enfeeble                 Hex            21%        N/A       98%         7
 Ignition                 Fire           7%         3d4       100%        8


Dungeon Overview and Level Annotations

Branches:
Dungeon (15/15)            Temple (0/1) D:5            Lair (6/6) D:11
 Shoals (2/4) Lair:3        Snake (0/4) Lair:2        Slime (0/5) Lair:5
    Orc (2/2) D:12            Elf (0/3) Orc:2        Vaults (0/5) D:14
 Depths: D:15

Altars:
Ashenzari
Cheibriados
Dithmenos
Gozag
Hepliaklqana
Kikubaaqudgha
Makhleb
Okawaru
Qazlal
Sif Muna
Vehumet
Wu Jian
The Shining One
Beogh

Shops:
D:2 [   D:10 (   D:12 [   Orc:1 =   Orc:2 ([(!

Portals:
Hell: Lair:6
Ice
Cave: Shoals:2

Annotations:
D:10 3 runed translucent doors, JackAllcraft's ghost, journeyman DjFE
Shoals:1 Jorgrun; Roxanne


Innate Abilities, Weirdness & Mutations

You are too large for most types of armour.
You have tough skin. (AC +1)


Message History

The frozen ramparts melt away as you move.
The cyan ugly thing basks in the mutagenic energy from its kin and changes!
The white ugly thing basks in the mutagenic energy from its kin and changes!
The white ugly thing punches you. The white ugly thing freezes you!
A merfolk comes into view. It is wielding a +0 trident.
The white ugly thing completely misses you.
The green ugly thing basks in the mutagenic energy from its kin and changes!
The white ugly thing basks in the mutagenic energy from its kin and changes!
The cyan ugly thing basks in the mutagenic energy from its kin and changes!
A merfolk javelineer comes into view. It is wielding a +0 spear.
The white ugly thing basks in the mutagenic energy from its kin and changes!
The cyan ugly thing basks in the mutagenic energy from its kin and changes!
The white ugly thing trunk-slaps you. The white ugly thing freezes you!!
The merfolk javelineer shouts!
You hear a shout! x3
A merfolk comes into view. It is wielding a +0 trident.
Casting: Frozen Ramparts (safe; 1% risk of failure)
Confirm with . or Enter, or press ? or * to list all spells.
You feel quick.
The merfolk shouts! x2
A faun comes into view. It is wielding a +0 club.
The white ugly thing barely misses you.
The merfolk javelineer throws a javelin.
The javelin pierces through you!!
* * * LOW HITPOINT WARNING * * *
A faun comes into view. It is wielding a +0 club.
The white ugly thing trunk-slaps you but does no damage.
The merfolk javelineer throws a javelin.
The javelin pierces through you!
* * * LOW HITPOINT WARNING * * *
The merfolk throws a boomerang.
The boomerang hits you!
* * * LOW HITPOINT WARNING * * *
Blink to where?
Press: ? - help, Dir - move target
As you read the scroll of blinking, it crumbles to dust.
The merfolk javelineer throws a javelin.
The javelin pierces through you!
* * * LOW HITPOINT WARNING * * *
The merfolk javelineer throws a javelin.
The javelin pierces through you!
You die...

≈,,,,,,,,,,,,,,,,,,,,≈≈≈≈≈,,,≈≈≈≈
.(................P....,,,,,,,,≈≈
......................,,,,,,,,,,≈
.........≈≈≈≈≈..>.....,,,,,**,,≈≈
.........≈≈≈≈≈≈......,,,,,,***≈≈≈
.........≈≈≈≈≈≈≈....,**,,,<,,,≈≈≈
.#.......≈≈≈≈≈≈<..#####.,,,,,,≈,≈
...........≈.≈≈.........,,,,,,,,,
.#........u.uu..@.......,,,,,,,,,
.......u.c..u...........,,,,,,,≈≈
..........u..u..........,,,,,,≈≈≈
.......u.u..............,,,,,≈≈≈≈
...........m.....)......,,,,≈≈≈≈≈
...P.......m≈...!.......,,,≈≈≈≈≈≈
..P.....P.m.≈...........,,≈≈≈≈≈≈≈
.......c.m..≈...........,≈≈≈≈≈≈≈≈
..P......c.............,,≈≈≈≈≈≈≈≈


You could see a merfolk javelineer, 7 ugly things, 3 merfolk and a faun.

Vanquished Creatures
  A sphinx (D:13)
  A kraken (Shoals:1)
  Louise (Shoals:1)
  A fire giant (D:11)
  An orc warlord (Orc:2)
  A dire elephant (Lair:6)
  An ettin (D:11)
  Josephine (D:10)
  The ghost of NiggerDarts the Fighter, a journeyman HuFi of Xom (Lair:1)
  9 boulder beetles
  4 vault guards (D:14)
  Harold (D:8)
  8 hydras
  A hell beast (Lair:6)
  A death knight (D:14)
  An ogre mage (D:11)
  A tengu warrior (D:14)
  A merfolk avatar (Shoals:1)
  6 two-headed ogres
  6 centaur warriors
  Erica (D:10)
  A death yak (Lair:6)
  Sonja (Orc:1)
  A fire crab (Lair:6)
  Nergalle (D:11)
  A sea snake (Shoals:1)
  8 skeletal warriors
  A spark wasp zombie (D:15)
  Pikel (D:6)
  2 wizards
  3 deep elf pyromancers
  The ghost of fgae53 the Basher, a novice MiBe of Trog (D:6)
  An orc sorcerer (Orc:2)
  12 harpies
  4 manticores
  3 fauns (Shoals:1)
  A wolf spider (D:13)
  A stone giant zombie (D:11)
  18 ugly things
  5 elephants (Lair:6)
  21 cyclopes
  A smoke demon (Lair:6)
  An ice statue (D:9)
  3 black mambas
  3 merfolk sirens (Shoals:1)
  The ghost of SHADDY the Thaumaturge, a novice DEFE of Sif Muna (D:6)
  An orange demon (Lair:6)
  5 gargoyles
  A water nymph (Shoals:1)
  11 cane toads
  9 rime drakes
  11 komodo dragons
  5 ice devils (Lair:6)
  5 unseen horrors
  A tengu conjurer (D:15)
  8 merfolk
  A merfolk (shapeshifter) (D:14)
  A troll (shapeshifter) (D:15)
  4 trolls
  A wolf spider simulacrum (D:14)
  Grinder (D:4)
  4 wind drakes (Shoals:1)
  3 snapping turtles (Shoals:1)
  Prince Ribbit (D:8)
  6 slime creatures (D:12)
  17 blink frogs
  A meliai zombie (D:11)
  A raiju (shapeshifter) (D:14)
  2 centaur simulacra
  3 water elementals (Shoals:1)
  3 shadows
  35 yaks
  2 spriggans (Lair:2)
  6 wraiths
  10 wyverns
  A yak (shapeshifter) (D:13)
  6 basilisks
  Grum (D:8)
  A steam dragon (D:8)
  Edmund (D:5)
  3 nagas (Lair:2)
  8 vampire mosquitoes
  9 wargs
  6 acid dragons
  3 floating eyes (D:12)
  3 hell hounds (Lair:6)
  16 water moccasins
  A floating eye (shapeshifter) (D:14)
  3 black bears
  26 orc warriors
  5 ogres
  A necrophage (D:5)
  32 wolves
  22 centaurs
  3 kobold brigands
  2 lemures (D:6)
  15 bullfrogs
  A gnoll sergeant (D:8)
  3 cyclops zombies (D:11)
  2 wyvern skeletons
  A water moccasin skeleton (D:5)
  6 wights
  8 killer bees
  An electric eel (Lair:3)
  A bullfrog zombie (D:5)
  8 jellies
  8 centaur zombies
  2 bullfrog skeletons (D:7)
  21 orc priests
  4 hounds
  2 centaur skeletons
  Ijyb (D:5)
  Natasha (twice) (D:2)
  Terence (D:3)
  4 iguanas
  18 orc wizards
  A howler monkey zombie (D:8)
  Robin (D:4)
  A howler monkey skeleton (D:6)
  9 adders
  3 gnolls (D:8)
  3 shadow imps
  A white imp (D:5)
  An adder skeleton (D:4)
  A worm (D:3)
  A dart slug (D:3)
  78 orcs
  4 bats
  3 endoplasms
  2 giant cockroaches (D:1)
  10 goblins
  5 hobgoblins
  2 jackals (D:1)
  13 kobolds
  3 quokkas
  6 ball pythons
  2 frilled lizards
  5 rats
  3 tentacles (Shoals:1)
724 creatures vanquished.

Vanquished Creatures (collateral kills)
  Rupert (Lair:6)
  3 centaur warriors
  An orc warrior (Orc:1)
  An ogre (Orc:2)
  A centaur (D:12)
7 creatures vanquished.

Vanquished Creatures (others)
  4 dancing weapons
  36 fungi
  212 plants
  5 tentacles (Shoals:1)
  12 withered plants
269 creatures vanquished.

Grand Total: 1000 creatures vanquished

Notes
Turn   | Place    | Note
-------+----------+-------------------------------------------
     0 | D:1      | doidaretoeatapeach the Ogre Ice Elementalist began the
                  | quest for the Orb.
     0 | D:1      | Reached XP level 1. HP: 16/16 MP: 3/3
   118 | D:1      | Reached skill level 4 in Ice Magic
   118 | D:1      | Reached XP level 2. HP: 14/24 MP: 0/5
  1146 | D:1      | Found a faded altar of an unknown god.
  1281 | D:2      | Reached XP level 3. HP: 31/31 MP: 3/6
  1424 | D:2      | Noticed Natasha
  1432 | D:2      | Killed Natasha
  1433 | D:2      | Reached skill level 5 in Ice Magic
  1433 | D:2      | Reached XP level 4. HP: 18/39 MP: 1/7
  1665 | D:2      | Identified the ring "Haocemunn" {rF+ Will++ Slay-6}
  1939 | D:2      | Found Yxzegg's Armour Shop.
  1959 | D:2      | Noticed Natasha
  1965 | D:2      | Killed Natasha
  2217 | D:3      | Learned a level 3 spell: Frozen Ramparts
  2221 | D:3      | Learned a level 3 spell: Ozocubu's Armour
  2509 | D:3      | Reached XP level 5. HP: 44/45 MP: 1/8
  2587 | D:3      | Found a burning altar of Makhleb.
  2945 | D:3      | Noticed Terence
  2947 | D:3      | Reached skill level 6 in Ice Magic
  2996 | D:3      | Killed Terence
  3111 | D:3      | Found an ancient bone altar of Kikubaaqudgha.
  3137 | D:3      | Found a shimmering blue altar of Sif Muna.
  3139 | D:3      | Found a radiant altar of Vehumet.
  3145 | D:3      | Got Vehumet's Volume of Combat Magic
  3147 | D:3      | Became a worshipper of Vehumet
  3395 | D:4      | Found a broken altar of Ashenzari.
  3460 | D:4      | Noticed Robin
  3476 | D:4      | Killed Robin
  3477 | D:4      | Reached XP level 6. HP: 47/53 MP: 1/9
  3548 | D:4      | Found an ornate altar of the Wu Jian Council.
  3619 | D:4      | Noticed Grinder
  3786 | D:5      | Entered Level 5 of the Dungeon
  4008 | D:5      | Found an opulent altar of Gozag.
  4014 | D:5      | Found a hazy altar of Hepliaklqana.
  4017 | D:5      | Found a glowing golden altar of the Shining One.
  4181 | D:5      | Reached skill level 7 in Ice Magic
  4233 | D:5      | Noticed Edmund
  4283 | D:5      | Noticed a necrophage
  4300 | D:5      | Killed a necrophage
  4412 | D:5      | Reached * piety under Vehumet
  4412 | D:5      | Offered knowledge of Sandblast by Vehumet.
  4416 | D:5      | Reached XP level 7. HP: 33/59 MP: 6/10
  4627 | D:5      | Found a staircase to the Ecumenical Temple.
  4633 | D:5      | Noticed Ijyb
  4644 | D:5      | Killed Ijyb
  4654 | D:5      | Reached skill level 8 in Ice Magic
  4736 | D:5      | Reached skill level 1 in Evocations
  4887 | D:4      | Found a stormy altar of Qazlal.
  4917 | D:4      | Learned a level 3 spell: Tukima's Dance
  4960 | D:4      | Identified the +0 robe of the King of the Hill {Fly}
  4987 | D:4      | Killed Grinder
  4988 | D:4      | Reached XP level 8. HP: 67/67 MP: 11/11
  5295 | D:6      | Noticed Pikel
  5432 | D:6      | Found a large runed translucent door.
  5432 | D:6      | Found a large runed translucent door.
  5478 | D:6      | Noticed a yak
  5485 | D:6      | Killed a yak
  5745 | D:6      | Reached skill level 1 in Hexes
  5875 | D:6      | Found a large runed translucent door.
  5875 | D:6      | Found a large runed translucent door.
  6317 | D:6      | Reached XP level 9. HP: 76/81 MP: 6/13
  6323 | D:6      | Noticed a purple ugly thing
  6359 | D:6      | Killed a purple ugly thing
  6702 | D:6      | Reached ** piety under Vehumet
  6702 | D:6      | Offered knowledge of Searing Ray by Vehumet.
  6735 | D:6      | Learned a level 5 spell: Iskenderun's Battlesphere
  6788 | D:6      | Reached skill level 9 in Ice Magic
  6896 | D:6      | Killed Pikel
  6897 | D:6      | Reached skill level 10 in Ice Magic
  6947 | D:6      | Found a runed translucent gate.
  6947 | D:6      | Found a runed translucent gate.
  6949 | D:6      | Found a runed translucent gate.
  6951 | D:6      | Noticed fgae53's ghost (novice MiBe)
  6951 | D:6      | Noticed SHADDY's ghost (novice DEFE)
  7477 | D:5      | Killed Edmund
  7478 | D:5      | Reached skill level 1 in Conjurations
  8526 | D:8      | Noticed Harold
  8714 | D:8      | Noticed Prince Ribbit
  8735 | D:8      | Killed Prince Ribbit
  8736 | D:8      | Reached skill level 5 in Spellcasting
  8736 | D:8      | Reached XP level 10. HP: 89/91 MP: 13/17
  8739 | D:8      | Learned a level 2 spell: Blink
  8783 | D:8      | Reached skill level 1 in Translocations
  8875 | D:8      | Noticed Grum
  8885 | D:8      | Killed Grum
  9746 | D:8      | Killed Harold
  9746 | D:8      | Offered knowledge of Dazzling Flash by Vehumet.
  9747 | D:8      | Reached skill level 5 in Translocations
 10305 | D:9      | Found an iron altar of Okawaru.
 11129 | D:9      | Noticed an ice statue
 11745 | D:9      | Reached XP level 11. HP: 97/97 MP: 11/20
 12118 | D:10     | Entered Level 10 of the Dungeon
 12118 | D:10     | Noticed Josephine
 12339 | D:10     | Noticed a two-headed ogre
 12380 | D:10     | Killed a two-headed ogre
 12381 | D:10     | Reached skill level 11 in Ice Magic
 12383 | D:10     | Reached *** piety under Vehumet
 12424 | D:10     | Found Xanletaa's Weapon Boutique.
 12430 | D:10     | Noticed Erica
 12445 | D:10     | Killed Erica
 12650 | D:10     | Found a runed translucent gate.
 12651 | D:10     | Found a runed translucent gate.
 12652 | D:10     | Noticed JackAllcraft's ghost (journeyman DjFE)
 12653 | D:10     | Found a runed translucent gate.
 12729 | D:11     | Noticed a cyclops
 12732 | D:11     | Reached skill level 12 in Ice Magic
 12747 | D:11     | Noticed a cyclops
 12754 | D:11     | Killed a cyclops
 12969 | D:11     | Killed a cyclops
 13029 | D:11     | Offered knowledge of Stone Arrow by Vehumet.
 13030 | D:11     | Reached skill level 5 in Evocations
 13035 | D:11     | Found a staircase to the Lair.
 13035 | D:11     | Noticed a two-headed ogre
 13059 | D:11     | Reached skill level 1 in Throwing
 13099 | D:11     | Killed a two-headed ogre
 13196 | D:11     | Reached skill level 5 in Throwing
 13219 | D:11     | Reached skill level 1 in Armour
 13353 | D:11     | Noticed Nergalle
 13373 | Lair:1   | Entered Level 1 of the Lair of Beasts
 13394 | Lair:1   | Reached **** piety under Vehumet
 13403 | Lair:1   | Reached XP level 12. HP: 91/105 MP: 19/21
 13558 | Lair:1   | Identified the +6 quarterstaff of the Candle {drain, Will+
                  | rCorr Int+2 Dex-2}
 13893 | Lair:1   | Noticed a four-headed hydra
 13934 | Lair:1   | Killed a four-headed hydra
 13937 | Lair:1   | Reached skill level 5 in Hexes
 14209 | Lair:1   | Found a runed translucent door.
 14210 | Lair:1   | Noticed NiggerDarts's ghost (journeyman HuFi)
 14469 | Lair:2   | Offered knowledge of Fulminant Prism by Vehumet.
 14722 | Lair:2   | Found a staircase to the Snake Pit.
 15131 | Lair:2   | Reached skill level 1 in Necromancy
 15131 | Lair:2   | Reached skill level 1 in Earth Magic
 15325 | Lair:2   | Learned a level 3 spell: Lesser Beckoning
 15476 | Lair:2   | Noticed a five-headed hydra
 15482 | Lair:2   | Killed a five-headed hydra
 15482 | Lair:2   | Reached ***** piety under Vehumet
 15770 | Lair:3   | Reached skill level 5 in Fighting
 15802 | Lair:3   | Reached XP level 13. HP: 118/118 MP: 14/22
 15808 | Lair:3   | Offered knowledge of Yara's Violent Unravelling by Vehumet.
 15817 | Lair:3   | Learned a level 5 spell: Yara's Violent Unravelling
 15961 | Lair:3   | Found a staircase to the Shoals.
 16960 | Lair:4   | Reached skill level 5 in Earth Magic
 16962 | Lair:4   | Reached skill level 5 in Necromancy
 17827 | Lair:5   | Learned a level 5 spell: Borgnjor's Vile Clutch
 17921 | Lair:5   | Reached skill level 1 in Transmutations
 18001 | Lair:5   | Found a staircase to the Slime Pits.
 18341 | Lair:5   | Identified the +4 quarterstaff of the Heavens {distort, rF-
                  | rC+++ rCorr Int-5}
 18406 | Lair:5   | Offered knowledge of Eringya's Noxious Bog by Vehumet.
 18575 | Lair:6   | Entered Level 6 of the Lair of Beasts
 18600 | Lair:6   | Got the Reference Book on the Glacial Arsonist
 18663 | Lair:6   | Found a snail-covered altar of Cheibriados.
 18738 | Lair:6   | Noticed Rupert
 19054 | D:11     | Reached skill level 5 in Transmutations
 19139 | D:11     | Reached XP level 14. HP: 100/125 MP: 4/24
 19447 | D:11     | Killed Nergalle
 19791 | D:12     | Found a staircase to the Orcish Mines.
 20571 | D:12     | Found Yniys's Armour Boutique.
 20934 | D:12     | Offered knowledge of Fireball by Vehumet.
 21352 | D:12     | Learned a level 3 spell: Swiftness
 21402 | Orc:1    | Entered Level 1 of the Orcish Mines
 21405 | Orc:1    | Noticed Sonja
 21414 | Orc:1    | Killed Sonja
 21415 | Orc:1    | Reached skill level 1 in Air Magic
 21541 | Orc:1    | Found Nuediar's Jewellery Shop.
 21554 | Orc:1    | Bought the ring "Juycatut" {rCorr AC+4 Stlth+} for 925 gold
                  | pieces
 21917 | Orc:2    | Entered Level 2 of the Orcish Mines
 21956 | Orc:2    | Found a staircase to the Elven Halls.
 22263 | Orc:2    | Found Fesois's Distillery.
 22574 | Orc:2    | Found Rofuxoffaj's Weapon Shop.
 23003 | Orc:2    | Noticed an orc warlord
 23013 | Orc:2    | Killed an orc warlord
 23270 | Orc:2    | Offered knowledge of Irradiate by Vehumet.
 23282 | Orc:2    | Found Keunaj's Antique Armour Boutique.
 23286 | Orc:2    | Found Fauxed's Antique Weapon Shop.
 23341 | Orc:2    | Bought a potion of experience for 700 gold pieces
 23341 | Orc:2    | Reached XP level 15. HP: 148/148 MP: 28/28
 24072 | D:10     | Killed Josephine
 25215 | D:13     | Noticed a sphinx
 25222 | D:13     | Paralysed by a sphinx for 6 turns
 25236 | D:13     | Killed a sphinx
 25237 | D:13     | Reached skill level 10 in Fighting
 25340 | D:13     | Reached XP level 16. HP: 158/158 MP: 16/29
 25577 | D:14     | Found a gate to the Vaults.
 25920 | Lair:6   | Killed Rupert
 26674 | Lair:6   | Learned a level 5 spell: Irradiate
 26717 | Lair:6   | Identified the +1 scale mail of Qiptos {+Inv}
 26772 | Lair:6   | Found a burning altar of Makhleb.
 27159 | Lair:6   | Found a gateway to Hell.
 28104 | D:14     | Found a shadowy altar of Dithmenos.
 28228 | D:14     | Reached skill level 5 in Conjurations
 28271 | D:14     | Reached skill level 13 in Ice Magic
 28443 | D:14     | Offered knowledge of Ozocubu's Refrigeration by Vehumet.
 29036 | D:6      | Killed fgae53's ghost
 29071 | D:6      | Killed SHADDY's ghost
 30309 | D:11     | Found the +7 mace of Variability {chain chaos}
 30312 | D:11     | Identified the +7 trident of Nimocoam {protect, Fly Str+4
                  | Stlth+}
 30313 | D:11     | Identified the +0 hand crossbow of Iceis {freeze, rF+ rC+++
                  | Str-5 Int-2}
 30320 | D:11     | Identified the +7 hunting sling of Ashenzari's Approval
                  | {vorpal, rC+ Stlth+}
 30564 | D:11     | Reached skill level 10 in Spellcasting
 30836 | Lair:1   | Killed NiggerDarts's ghost
 30838 | Lair:1   | Identified the +6 quarterstaff of Tira Jayrch {vorpal,
                  | rPois Str+4}
 31338 | D:15     | Entered Level 15 of the Dungeon
 31360 | D:14     | Reached XP level 17. HP: 157/165 MP: 5/31
 32230 | D:15     | Learned a level 7 spell: Ozocubu's Refrigeration
 32798 | Shoals:1 | Entered Level 1 of the Shoals
 32801 | Shoals:1 | Offered knowledge of Conjure Ball Lightning by Vehumet.
 33432 | Shoals:1 | Identified Roxanne's Volume of Moulding
 33432 | Shoals:1 | Noticed Roxanne
 33677 | Shoals:1 | Noticed Louise
 33685 | Shoals:1 | Killed Louise
 33686 | Shoals:1 | Reached skill level 14 in Ice Magic
 33772 | Shoals:1 | Noticed Jorgrun
 34087 | Shoals:1 | Noticed a kraken
 34272 | Shoals:1 | Killed a kraken
 35365 | Shoals:2 | Found a frozen archway.
 35384 | Shoals:2 | Hit by a javelin thrown by a merfolk javelineer

Illustrated notes

Levels and vault maps discovered:
D:1:      ncdulo_lavacross, layout_basic, ebering_ecumenical_altar_sacrificial
D:2:      layout_basic, serial_shops, shop_coins, due_unseen_surprise,
          uniq_natasha
D:3:      layout_basic, grunt_temple_overflow_magic_moments,
          mainiacjoe_overflow_catwalk, uniq_terence
D:4:      layout_basic, kennysheep_mini_moat, amcnicky_altar_gilded,
          grunt_qazlal_sundering, uniq_robin, uniq_grinder
D:5:      layout_gridville, grunt_temple_overflow_open,
          minmay_temple_entry_tees, uniq_edmund, uniq_ijyb
D:6:      layout_cave_pools, gammafunk_ghost_cemetery,
          minmay_hollow_rounded_squares, uniq_pikel
D:7:      layout_loops_ring
D:8:      layout_basic, hangedman_decor_push, uniq_harold, uniq_grum,
          uniq_prince_ribbit1
D:9:      layout_layer_cave, mainiacjoe_overflow_alcove_1, minivault_15
D:10:     layout_long_grid, biasface_ghost_orc_armoury, serial_shops,
          nicolae_shop_bloodbath_and_beyond, hangedman_fish_farm,
          uniq_josephine, uniq_erica
D:11:     giant_chief_lemuel, layout_loops_cross, minmay_lair_entry_grove,
          hangedman_weighted_door, hangedman_decor_opposing, uniq_nergalle
D:12:     layout_basic, david_orc_3, serial_shops, shop_statue,
          chequers_serial_rivers_micro_d, onia_ninara_cookie
D:13:     layout_rooms, minmay_holes, minmay_three_doors
D:14:     layout_basic, lightli_vaults_fourway_checkpoint,
          kennysheep_flooded_box, wad_floor_pattern_untrapped,
          minmay_increasing_density
D:15:     gammafunk_depths_entry_grave, layout_basic, minmay_misc_feat_enclosed
Lair:1:   layout_regular_city, gammafunk_ghost_grave, serial_forest,
          infiniplex_forest_straight_2, infiniplex_forest_clump_curved,
          infiniplex_forest_lined_3_way, infiniplex_forest_clump_long
Lair:2:   wad_woods_tower, layout_cave_pods, guppyfry_snake_entry_garden,
          lemuel_fruit_tree
Lair:3:   layout_gridlike, minmay_shoals_entry_centaurs, serial_bayou_lake_a,
          infiniplex_staircase_pool_2
Lair:4:   layout_hall_layers, minmay_lair_drake_nest
Lair:5:   layout_long_grid, nicolae_slime_entry_slimehenge, columned_hall_lemuel
Lair:6:   evil_forest, layout_layer_cave, basic_altar, uniq_rupert
Shoals:1: layout_shoals, uniq_roxanne, uniq_louise, uniq_jorgrun
Shoals:2: cheibrodos_shoals_roost, layout_shoals,
          portal_ice_cave_entry_ugly_swarm, nicolae_shoals_square_sea_wall,
          ldierk_geyser
Orc:1:    layout_diamond_mine, serial_shops, nicolae_shop_hallway_plus,
          uniq_sonja
Orc:2:    grunt_orc_community_town_hall, layout_caves,
          grunt_orc_community_big_house_1, grunt_orc_community_big_house_2,
          grunt_orc_community_house_1, grunt_orc_community_house_1,
          grunt_orc_community_house_1, grunt_orc_community_house_2,
          grunt_orc_community_house_3

Skill      XL: |  1  2  3  4  5  6  7  8  9 10 11 12 13 14 15 16 17 |
---------------+----------------------------------------------------+-----
Ice Magic      | 4 5 6 7 8 10 12 13 14 | 14.7
Evocations     | 3 5 7 |  7.0
Stealth        | 2 3 |  3.0
Fighting       | 3 5 9 10 | 10.0
Dodging        | 3 4 |  4.0
Hexes          | 4 6 |  6.0
Spellcasting   | 3 5 6 7 9 10 12 | 12.0
Conjurations   | 3 8 |  8.0
Translocations | 6 |  6.0
Throwing       | 5 7 |  7.0
Armour         | 2 4 |  4.0
Necromancy     | 2 6 8 |  8.0
Earth Magic    | 2 6 9 |  9.0
Transmutations | 5 |  5.0
Air Magic      | 4 |  4.0

Action                   |  1- 3 |  4- 6 |  7- 9 | 10-12 | 13-15 | 16-18 || total
-------------------------+-------+-------+-------+-------+-------+-------++-------
Melee: Unarmed           |    11 |       |       |       |       |       ||    11
       Dagger            |     2 |    68 |       |       |       |       ||    70
       Trident           |       |    27 |   191 |    20 |       |       ||   238
       Punch             |       |     1 |     6 |     1 |       |       ||     8
       Glaive            |       |       |       |   241 |       |       ||   241
       Quarterstaff      |       |       |       |   112 |   492 |   302 ||   906
Throw: Throwing net      |       |       |       |     1 |     1 |       ||     2
       Large rock        |       |       |       |    17 |    46 |   112 ||   175
       Javelin           |       |       |       |     3 |       |       ||     3
       Dart              |       |       |       |       |     2 |     8 ||    10
 Cast: Freeze            |    38 |    22 |       |       |       |       ||    60
       Frozen Ramparts   |       |    18 |    30 |    79 |   114 |    50 ||   291
       Ozocubu's Armour  |       |     4 |    16 |    60 |    76 |    45 ||   201
       Tukima's Dance    |       |       |       |    10 |    22 |    12 ||    44
       Iskenderun's Batt |       |       |       |     1 |       |       ||     1
       Borgnjor's Vile C |       |       |       |       |    46 |    83 ||   129
       Blink             |       |       |       |       |     4 |     4 ||     8
       Yara's Violent Un |       |       |       |       |     3 |     3 ||     6
       Irradiate         |       |       |       |       |       |    15 ||    15
       Swiftness         |       |       |       |       |       |     2 ||     2
       Ozocubu's Refrige |       |       |       |       |       |    66 ||    66
Evoke: Wand              |       |       |    13 |    13 |    17 |     8 ||    51
       Condenser vane    |       |       |       |     1 |       |       ||     1
       Phantom mirror    |       |       |       |       |     2 |     1 ||     3
  Use: Scroll            |       |     1 |    10 |     8 |     8 |    10 ||    37
       Potion            |       |       |     1 |     3 |     2 |     2 ||     8
 Stab: Sleeping          |       |     2 |       |       |       |       ||     2
       Paralysed         |       |       |       |     6 |       |       ||     6
Armor: Robe              |     9 |    56 |   125 |    70 |       |       ||   260
       Troll leather arm |       |       |       |   303 |   423 |   291 ||  1017
Dodge: Dodged            |    25 |    49 |   113 |   346 |   343 |   205 ||  1081
